 Dungeon Crawl Stone Soup version 0.32-a0-30-gefbe487 (webtiles) character file.

Game seed: 13082285941384232495

716 danspanner the Sneak (level 7, -17/41 HPs)
             Began as an Octopode Conjurer on Jan 19, 2024.
             Demolished by an ogre
             ... wielding a +0 giant club
              (26 damage)
             ... on level 5 of the Dungeon.
             The game lasted 00:11:49 (3919 turns).

danspanner the Sneak (Octopode Conjurer)            Turns: 3919, Time: 00:11:50

Health: -17/41     AC:  1    Str:  9    XL:     7   Next: 69%
Magic:  4/12       EV: 14    Int: 26    God:
Gold:   177        SH:  0    Dex: 11    Spells: 6/13 levels left

rFire   + + .        h - +0 whip of the Feather {holy, rF+ Str+3 Int+4}
rCold   x . .        (no shield)
rNeg    . . .        (helmet restricted)
rPois   .            (no amulet)
rElec   .            b - ring of fire
rCorr   .            (no ring)
SInv    .            (no ring)
Will    .....        (no ring)
Stlth   ++++         (no ring)
HPRegen 0.26/turn    (no ring)
MPRegen 0.13/turn    (no ring)
                     (no ring)

%: no passive effects
@: no status effects
A: almost no armour, amphibious, 8 rings, camouflage 1, gelatinous body 1,
(nimble swimmer 1), tentacles
a: no special abilities


You were on level 5 of the Dungeon.
You visited 1 branch of the dungeon, and saw 5 of its levels.

You collected 177 gold pieces.

Inventory:

Hand Weapons
 f - a +0 heavy dagger
 h - the +0 whip of the Feather (weapon) {holy, rF+ Str+3 Int+4}
   (You found it on level 3 of the Dungeon)

   Str+3:     It affects your strength (+3).
   Int+4:     It affects your intelligence (+4).
   rF+:       It protects you from fire.
Jewellery
 b - a ring of fire (left tentacle)
Wands
 i - a wand of flame (21)
Scrolls
 k - a scroll of revelation
Potions
 a - 3 potions of magic
 c - 2 potions of curing
 d - 3 potions of lignification
 e - 4 potions of heal wounds
 g - a potion of enlightenment
 j - a potion of might {unknown}
 l - 3 potions of haste
 m - a potion of cancellation {unknown}


   Skills:
 + Level 4.2 Dodging
 + Level 6.1 Stealth
 + Level 3.9 Spellcasting
 + Level 5.5 Conjurations
 + Level 2.8 Alchemy


You had 6 spell levels left.
You knew the following spells:

 Your Spells              Type           Power      Damage    Failure   Level
a - Magic Dart            Conj           100%       1d8       1%          1
b - Searing Ray           Conj           66%        2d6       1%          2
c - Fulminant Prism       Conj/Alch      13%        3d9       16%         4

Your spell library contained the following spells:

 Spells                   Type           Power      Damage    Failure   Level
 Iskenderun's Mystic Bla  Conj/Tloc      19%        2d6       28%         4
 Leda's Liquefaction      Alch/Erth      6%         N/A       43%         4
 Lee's Rapid Deconstruct  Erth           2%         3d5*      94%         5
 Bombard                  Conj/Erth      9%         9d2       99%         6


Dungeon Overview and Level Annotations

Branches:
Dungeon (5/15)
 Temple: D:4-7

Altars:
Hepliaklqana
Okawaru


Innate Abilities, Weirdness & Mutations

You cannot wear most types of armour.
You are amphibious.
You can wear up to eight rings at the same time.
Your skin changes colour to match your surroundings (Stealth+).
Your rubbery body absorbs attacks. (AC +1, EV +1)
((You are camouflaged when in or above water. (Stealth+)))
You have tentacles for arms and can constrict up to eight enemies at once.


Message History

You finish channelling your searing ray.
The web tears apart.
A centaur comes into view.
An ogre comes into view. It is wielding a +0 giant club.
The centaur shouts!
The centaur wields a +0 shortbow.
The centaur shoots an arrow.
The arrow hits you!
The ogre shouts!
Casting: Searing Ray (safe; 1% risk of failure)
Confirm with . or Enter, or press ? or * to list all spells.
Aiming: Searing Ray (safe; 1% risk of failure)
Press: ? - help, Shift-Dir - straight line, f - centaur
Aim: a centaur, wielding a +0 shortbow (88% to hit)
The searing ray hits the centaur.
The centaur is moderately wounded. (Press . to maintain the ray.)
The centaur shoots an arrow.
The arrow hits you!
The searing ray hits the centaur.
The centaur is heavily wounded.
The searing ray hits the centaur!
The centaur is almost dead.
The centaur shoots an arrow.
The arrow hits you!
* * * LOW HITPOINT WARNING * * *
The searing ray hits the centaur!
You kill the centaur!
You finish channelling your searing ray.
Your Stealth skill increases to level 6!
Casting: Searing Ray (safe; 1% risk of failure)
Confirm with . or Enter, or press ? or * to list all spells.
Aiming: Searing Ray (safe; 1% risk of failure)
Press: ? - help, Shift-Dir - straight line, f - ogre
Aim: an ogre, wielding a +0 giant club (91% to hit)
The searing ray hits the ogre!
The ogre is heavily wounded. (Press . to maintain the ray.)
The searing ray hits the ogre.
The ogre is heavily wounded.
The ogre hits you with a +0 giant club!!
Ouch! That really hurt!
You die...

......+ #.....# ##
#.#..# ......+ ..
#.#O.# ......#
###.##.#c.## ......#
...........# .!....#
........# ##..#.#
..)..
....#.#.#.#####O######
###.# #.........@....#
..... #...###.#.######
###.# #..# #....#
..... #..###..###
....#+#..#....#
#.........##.#
#............#
#.......######
.#.......#


You could see an ogre.

Vanquished Creatures
  An ogre (D:5)
  A centaur (D:5)
  A phantom (D:5)
  A bullfrog (D:4)
  3 hounds
  Ijyb (D:4)
  Terence (D:2)
  Natasha (twice) (D:4)
  An iguana (D:3)
  An orc wizard (D:5)
  7 gnolls
  4 adders
  A ribbon worm (D:5)
  3 dart slugs
  3 orcs
  12 endoplasms
  5 giant cockroaches
  6 hobgoblins
  4 jackals (D:3)
  2 quokkas (D:5)
  4 ball pythons
  2 bats
  2 frilled lizards
  5 goblins
  5 kobolds
  6 rats
84 creatures vanquished.

Notes
Turn   | Place    | Note
-------+----------+-------------------------------------------
     0 | D:1      | danspanner the Octopode Conjurer began the quest for the
                  | Orb.
     0 | D:1      | Reached XP level 1. HP: 11/11 MP: 3/3
   186 | D:1      | Reached skill level 3 in Stealth
   221 | D:1      | Reached XP level 2. HP: 11/17 MP: 5/5
   289 | D:1      | Learned a level 2 spell: Searing Ray
   790 | D:2      | Noticed Terence
   797 | D:2      | Killed Terence
   798 | D:2      | Reached XP level 3. HP: 21/21 MP: 0/6
   817 | D:2      | Reached XP level 4. HP: 6/27 MP: 1/7
  1120 | D:2      | Reached skill level 4 in Stealth
  1601 | D:3      | Reached XP level 5. HP: 31/31 MP: 3/9
  1684 | D:3      | Identified the +0 whip of the Feather {holy, rF+ Str+3
                  | Int+4}
  1829 | D:3      | Found a hazy altar of Hepliaklqana.
  1877 | D:3      | Learned a level 4 spell: Fulminant Prism
  2170 | D:4      | Reached skill level 1 in Alchemy
  2170 | D:4      | Reached XP level 6. HP: 36/36 MP: 4/10
  2396 | D:4      | Reached skill level 5 in Stealth
  2502 | D:4      | Reached skill level 5 in Conjurations
  2675 | D:4      | Noticed Natasha
  2679 | D:4      | Killed Natasha
  3020 | D:4      | Noticed Ijyb
  3160 | D:4      | Noticed Natasha
  3167 | D:4      | Killed Natasha
  3294 | D:4      | Found an iron altar of Okawaru.
  3313 | D:4      | Killed Ijyb
  3321 | D:5      | Entered Level 5 of the Dungeon
  3514 | D:5      | Reached XP level 7. HP: 39/41 MP: 3/12
  3747 | D:5      | Noticed a water elemental
  3918 | D:5      | Reached skill level 6 in Stealth
  3919 | D:5      | Demolished by an ogre

Illustrated notes

Levels and vault maps discovered:
D:1:      amcnicky_arrival_blooded_trapdoor, layout_rooms, serial_forest,
          infiniplex_forest_end_double, infiniplex_forest_zigzag_2,
          infiniplex_forest_zigzag_1, infiniplex_forest_split,
          infiniplex_forest_side_room, infiniplex_forest_straight_1,
          infiniplex_forest_lined_2, st_stairs_7, minivault_25
D:2:      layout_basic, serial_forest, infiniplex_forest_lined_room_,
          infiniplex_forest_clump_cross, infiniplex_forest_lined_2,
          infiniplex_forest_straight_2, uniq_terence
D:3:      layout_basic, lemuel_tele_altar
D:4:      layout_rooms, kennysheep_mini, uniq_ijyb, uniq_natasha
D:5:      layout_basic, nicolae_qazlal_style_of_elements, uniq_menkaure

Skill      XL: |  1  2  3  4  5  6  7 |
---------------+----------------------+-----
Stealth        | 3 4 5 6 |  6.1
Dodging        | 3 4 |  4.2
Spellcasting   | 3 |  3.9
Alchemy        | 1 2 |  2.8
Conjurations   | 5 |  5.5

Action                     |  1- 3 |  4- 6 |  7- 9 || total
---------------------------+-------+-------+-------++-------
  Melee: Dagger            |    24 |    16 |       ||    40
         Constrict         |     8 |     5 |       ||    13
         Tentacles         |     6 |     1 |       ||     7
         Whip              |       |     7 |       ||     7
   Cast: Magic Dart        |    19 |    14 |       ||    33
         Searing Ray       |     1 |    39 |    11 ||    51
    Use: Scroll            |     5 |     6 |     1 ||    12
   Stab: Sleeping          |     1 |     3 |       ||     4
 Armour: Skin              |    14 |    22 |     5 ||    41
  Dodge: Dodged            |    21 |    43 |     3 ||    67

Table legend: (Time is in decaauts)
 A = Elapsed time spent in this place.
 B = Non-inter-level travel time spent in this place.
 C = Inter-level travel time spent in this place.
 D = Time resting spent in this place.
 E = Time spent auto-exploring this place.
 F = Levels seen in this place.
 G = Mean time per level.
                   A        B        C        D        E       F      G
               +--------+--------+--------+--------+--------+-----+--------+
         Total |   3936 |   3881 |     55 |    242 |   2931 |   5 |  787.2 |
       Dungeon |   3936 |   3881 |     55 |    242 |   2931 |   5 |  787.2 |
               +--------+--------+--------+--------+--------+-----+--------+

Top non-repeatable levels by time:
     D:4: 1156 daAuts
     D:3: 789 daAuts
     D:2: 727 daAuts
     D:1: 663 daAuts
     D:5: 598 daAuts
